[Event "42nd Olympiad Baku 2016 Women"]
[Site "Baku"]
[Date "2016.09.03"]
[Round "2.31"]
[White "Jorquera Cabello, Valentina"]
[Black "Congiu, Mathilde"]
[Result "0-1"]
[ECO "B50"]
[WhiteElo "2019"]
[BlackElo "2232"]
[Annotator ""]
[PlyCount "129"]
[EventDate "2016.??.??"]
[EventCountry "AZE"]
[SourceTitle "playchess.com"]
[Source "ChessBase"]
[WhiteTeam "Chile"]
[BlackTeam "France"]
[WhiteTeamCountry "CHI"]
[BlackTeamCountry "FRA"]
[TimeControl "40/5400+30:1800+30"]

1. e4 {(00:00)} c5 {(00:00)} 2. Nf3 {(00:01)} d6 {(
00:00)} 3. g3 {(00:32)} g6 {(01:44)} 4. Bg2 {(00:08)} Bg7
{(00:06)} 5. O-O {(01:22)} Nc6 {(00:22)} 6. c3 {(
02:53)} e5 {(01:13)} 7. d3 {(18:36)} Nge7 {(03:13)} 8. h3
{(08:26)} O-O {(02:28)} 9. a3 {(01:10)} d5 {(05:55]
} 10. exd5 {(04:35)} Nxd5 {(00:22)} 11. Nbd2 {(02:12)} h6
{(09:15)} 12. Nc4 {(12:44)} Be6 {(15:58)} 13. Re1 {
(06:14)} Qc7 {(09:46)} 14. Qe2 {(15:02)} Rfe8 {(01:
15)} 15. Bd2 {(02:21)} Rad8 {(03:51)} 16. Ncxe5 {(12:26)}
Bf5 {(10:45)} 17. g4 {(05:05)} Bxe5 {(02:40)} 18. gxf5 {
(02:47)} Bh2+ {(00:29)} 19. Nxh2 {(00:04)} Rxe2 {(
00:08)} 20. Rxe2 {(00:04)} Nf4 {(01:26)} 21. Bxf4 {(01:41]
} Qxf4 {(00:08)} 22. fxg6 {(00:08)} fxg6 {(10:00)} 23.
Rae1 {(00:03)} h5 {(01:37)} 24. Nf1 {(02:44)} Rxd3 {
(01:14)} 25. Re4 {(00:19)} Qf6 {(02:47)} 26. Re8+ {
(00:42)} Kg7 {(01:44)} 27. Ng3 {(00:17)} Rd8 {(03:
21)} 28. R8e6 {(00:25)} Rd1 {(00:43)} 29. Rxf6 {(00:50)}
Rxe1+ {(00:06)} 30. Kh2 {(00:03)} Kxf6 {(00:08)} 31. Ne4+
{(00:04)} Kg7 {(03:50)} 32. Nxc5 {(00:58)} b6 {(00:
20)} 33. Nd3 {(00:35)} Rd1 {(01:24)} 34. Nf4 {(00:05)} Ne5
{(00:32)} 35. Kg3 {(01:16)} Rb1 {(02:00)} 36. b4 {(
00:29)} Rb3 {(00:21)} 37. Nd5 {(00:09)} Rxa3 {(00:52)} 38.
Kf4 {(00:53)} Nc4 {(01:49)} 39. Bf1 {(00:33)} Nd6 {
(02:01)} 40. Ke5 {(00:00)} Nf7+ {(00:00)} 41. Kf4 {
(02:39)} Ra1 {(04:26)} 42. Bg2 {(03:24)} Rg1 {(03:
36)} 43. Bf3 {(01:08)} Ng5 {(05:38)} 44. Be2 {(04:25)}
Nxh3+ {(00:57)} 45. Ke3 {(00:40)} Ng5 {(01:30)} 46. f4 {
(03:16)} Ne6 {(04:14)} 47. Kf2 {(06:28)} Rc1 {(01:
57)} 48. c4 {(00:39)} a5 {(03:37)} 49. c5 {(02:43)} bxc5 {
(04:00)} 50. bxa5 {(00:14)} Nd4 {(00:48)} 51. Bf1 {
(03:39)} Ra1 {(01:23)} 52. a6 {(00:22)} h4 {(01:23]
} 53. Nc7 {(02:50)} Ra3 {(01:17)} 54. Ne8+ {(02:27)} Kh6 {
(00:34)} 55. Nd6 {(00:41)} h3 {(02:32)} 56. Nc8 {(
01:43)} Ra2+ {(01:17)} 57. Kg3 {(00:32)} Ra3+ {(00:30)}
58. Kh2 {(00:42)} Nf3+ {(00:34)} 59. Kxh3 {(01:01)} Nd2+ {
(00:08)} 60. Kg2 {(00:23)} Nxf1 {(00:07)} 61. Kxf1 {
(00:06)} Rxa6 {(00:07)} 62. Ke2 {(00:59)} Kh5 {(01:
46)} 63. Kf3 {(00:31)} c4 {(00:19)} 64. Ke3 {(00:23)} c3
65. Kd4 0-1

[Event "42nd Olympiad Baku 2016 Women"]
[Site "Baku"]
[Date "2016.09.03"]
[Round "2.9"]
[White "Joshi, Sindira"]
[Black "Baptista, Ana Filipa"]
[Result "0-1"]
[ECO "B23"]
[WhiteElo "1574"]
[BlackElo "2125"]
[Annotator ""]
[PlyCount "60"]
[EventDate "2016.??.??"]
[EventCountry "AZE"]
[SourceTitle "playchess.com"]
[Source "ChessBase"]
[WhiteTeam "Nepal"]
[BlackTeam "Portugal"]
[WhiteTeamCountry "NEP"]
[BlackTeamCountry "POR"]
[TimeControl "40/5400+30:1800+30"]

1. e4 {(00:00)} c5 {(00:00)} 2. Nc3 {(00:00)} e6 {(
00:15)} 3. f4 {(00:00)} d6 {(05:23)} 4. Nf3 {(01:05)} Nc6
{(00:28)} 5. Bb5 {(00:51)} Qc7 {(00:47)} 6. O-O {(
01:44)} Nf6 {(02:05)} 7. d4 {(03:19)} cxd4 {(01:46)} 8.
Nxd4 {(00:50)} Be7 {(01:53)} 9. Kh1 {(04:50)} Bd7 {
(03:00)} 10. Be3 {(04:52)} O-O {(04:13)} 11. Qe1 {(
08:14)} a6 {(05:14)} 12. Bd3 {(02:48)} b5 {(03:12)} 13. a3
{(04:07)} Na5 {(04:28)} 14. b3 {(05:12)} Rac8 {(09:
19)} 15. Bd2 {(08:35)} Nc6 {(03:32)} 16. Nce2 {(06:41)} e5
{(13:09)} 17. fxe5 {(07:35)} Nxe5 {(05:55)} 18. a4 {
(05:55)} d5 {(06:20)} 19. exd5 {(03:24)} Nxd3 {(01:
49)} 20. cxd3 {(00:24)} Nxd5 {(00:45)} 21. axb5 {(05:55)}
axb5 {(05:50)} 22. Nf4 {(06:34)} Nxf4 {(01:59)} 23. Bxf4 {
(00:10)} Bd6 {(09:52)} 24. Bxd6 {(04:56)} Qxd6 {(
00:03)} 25. Qf2 {(02:32)} Rc3 {(02:36)} 26. Ra5 {(04:05)}
Rxd3 {(01:25)} 27. Nxb5 {(00:10)} Qd5 {(01:06)} 28. Ra7 {
(06:06)} Bxb5 {(01:51)} 29. h3 {(02:34)} Rd2 {(01:
05)} 30. Qg3 {(00:45)} Bxf1 {(00:21)} 0-1

[Event "42nd Olympiad Baku 2016 Women"]
[Site "Baku"]
[Date "2016.09.03"]
[Round "2.15"]
[White "Kabamba Mulwale Bwalya"]
[Black "Ibtihal Mohammed"]
[Result "0-1"]
[ECO "D02"]
[WhiteElo "1683"]
[BlackElo "1479"]
[Annotator ""]
[PlyCount "140"]
[EventDate "2016.??.??"]
[EventCountry "AZE"]
[SourceTitle "playchess.com"]
[Source "ChessBase"]
[WhiteTeam "Zambia"]
[BlackTeam "Sudan"]
[WhiteTeamCountry "ZAM"]
[BlackTeamCountry "SUD"]
[TimeControl "40/5400+30:1800+30"]

1. d4 {(00:00)} d5 {(00:00)} 2. Nf3 {(00:00)} Bf5 {
(00:25)} 3. Bf4 {(00:00)} Nc6 {(00:49)} 4. c3 {(00:
54)} Nf6 {(01:15)} 5. e3 {(00:49)} a6 {(01:04)} 6. Be2 {
(01:28)} e6 {(00:07)} 7. h3 {(00:43)} Be7 {(05:13)}
8. O-O {(00:47)} h6 {(00:23)} 9. Nbd2 {(02:07)} O-O {
(00:13)} 10. Re1 {(07:12)} Na7 {(02:13)} 11. Qb3 {(
04:45)} b5 {(08:11)} 12. a3 {(07:00)} Nc8 {(08:39)} 13.
Rec1 {(02:08)} Bd6 {(09:15)} 14. Bxd6 {(01:01)} Nxd6 {
(02:49)} 15. Qd1 {(00:49)} Qe7 {(06:18)} 16. b4 {(
01:41)} Nfe4 {(04:10)} 17. Nxe4 {(00:25)} Nxe4 {(01:28)}
18. Bd3 {(13:43)} Nd6 {(04:17)} 19. Bxf5 {(02:50)} Nxf5 {
(05:37)} 20. Qe2 {(00:33)} Nd6 {(00:50)} 21. Nd2 {(
00:17)} f6 {(01:58)} 22. Qd3 {(06:58)} Qf7 {(02:11)} 23.
Rf1 {(02:34)} c6 {(00:56)} 24. f3 {(00:45)} f5 {(
01:22)} 25. Qe2 {(08:07)} Qf6 {(06:36)} 26. f4 {(03:11)}
Kf7 {(02:18)} 27. a4 {(01:14)} Ke7 {(01:54)} 28. Nf3 {
(01:03)} Ne4 {(01:19)} 29. Qe1 {(01:16)} g5 {(03:
10)} 30. Ne5 {(01:24)} Kd6 {(02:14)} 31. Rf3 {(06:17)} Rg8
{(02:55)} 32. Kh2 {(06:09)} gxf4 {(03:43)} 33. exf4 {
(01:01)} Qg7 {(01:57)} 34. Ra2 {(00:56)} bxa4 {(00:
37)} 35. Qh4 {(03:25)} a5 {(03:05)} 36. Qxh6 {(01:23)}
axb4 {(02:11)} 37. Qxg7 {(01:15)} Rxg7 {(00:51)} 38. cxb4
{(00:43)} Rb7 {(01:31)} 39. Nd3 {(04:33)} Nc3 {(03:
15)} 40. Ra3 {(00:00)} Nb5 {(00:00)} 41. Nc5 {(01:18)}
Rba7 {(01:43)} 42. Rad3 {(01:43)} a3 {(00:43)} 43. Rfe3 {
(00:22)} a2 {(01:03)} 44. Rxe6+ {(01:09)} Kc7 {(00:
39)} 45. Nb3 {(01:35)} a1=Q {(00:46)} 46. Nxa1 {(00:18)}
Rxa1 {(00:07)} 47. g4 {(01:29)} fxg4 {(00:45)} 48. hxg4 {
(00:08)} R8a2+ {(02:44)} 49. Kg3 {(00:34)} Ra3 {(
00:32)} 50. Ree3 {(00:24)} Rxd3 {(02:13)} 51. Rxd3 {(00:
03)} Rb1 {(01:05)} 52. f5 {(00:16)} Rxb4 {(00:17)} 53. f6
{(00:41)} Kd7 {(01:47)} 54. Re3 {(00:58)} Nxd4 {(
01:08)} 55. Re7+ {(01:13)} Kd8 {(00:18)} 56. Kf4 {(00:16)}
Ne6+ {(00:48)} 57. Kf5 {(01:04)} Nf8 {(02:29)} 58. g5 {
(00:46)} d4 {(00:13)} 59. Re1 {(00:22)} d3 {(00:35]
} 60. f7 {(08:21)} d2 {(00:54)} 61. Rd1 {(00:34)} Rd4 {
(00:05)} 62. Kf6 {(02:07)} c5 {(05:07)} 63. Kg7 {(
00:17)} Ne6+ {(01:00)} 64. Kf6 {(00:22)} Nf8 {(00:26)} 65.
g6 {(00:31)} Rd6+ {(00:26)} 66. Ke5 {(04:58)} Ke7 {
(02:00)} 67. g7 {(01:26)} Ng6+ {(00:19)} 68. Kf5 {(
00:57)} Kxf7 {(00:08)} 69. Ke4 {(00:24)} c4 {(00:17)} 70.
Ke3 {(00:32)} c3 {(00:07] Kd4} 0-1

[Event "42nd Olympiad Baku 2016 Women"]
[Site "Baku"]
[Date "2016.09.03"]
[Round "2.7"]
[White "Kalaiyalahan, Akshaya"]
[Black "Lanchava, Tea"]
[Result "0-1"]
[ECO "A80"]
[WhiteElo "2017"]
[BlackElo "2258"]
[Annotator ""]
[PlyCount "64"]
[EventDate "2016.??.??"]
[EventCountry "AZE"]
[SourceTitle "playchess.com"]
[Source "ChessBase"]
[WhiteTeam "England"]
[BlackTeam "Netherlands"]
[WhiteTeamCountry "ENG"]
[BlackTeamCountry "NED"]
[TimeControl "40/5400+30:1800+30"]

1. d4 {(00:00)} f5 {(00:00)} 2. Nc3 {(00:00)} d5 {(
00:04)} 3. Nf3 {(00:00)} Nf6 {(01:38)} 4. Bg5 {(00:12)}
Nbd7 {(06:01)} 5. e3 {(03:37)} e6 {(00:59)} 6. Bd3 {
(03:19)} Be7 {(01:09)} 7. O-O {(02:18)} c5 {(04:04]
} 8. b3 {(20:37)} O-O {(02:53)} 9. Ne2 {(01:15)} Nb6 {
(13:35)} 10. c4 {(05:42)} Bd7 {(08:20)} 11. cxd5 {(
14:11)} Nbxd5 {(01:50)} 12. dxc5 {(04:36)} Bxc5 {(00:54)}
13. Bc4 {(09:17)} Qe8 {(03:46)} 14. Ne5 {(06:11)} Bb5 {
(01:34)} 15. Bxb5 {(00:37)} Qxb5 {(00:10)} 16. Qd3 {
(05:47)} Qxd3 {(06:09)} 17. Nxd3 {(00:06)} Ba3 {(
00:17)} 18. Bxf6 {(02:38)} Rxf6 {(03:11)} 19. Nd4 {(02:23]
} a6 {(00:33)} 20. Nc2 {(01:05)} Bd6 {(00:52)} 21. Rfe1 {
(04:37)} Nc3 {(02:00)} 22. Kf1 {(02:47)} Rd8 {(00:
44)} 23. Nb2 {(02:53)} Bxh2 {(03:47)} 24. Nd1 {(05:29)}
Ne4 {(03:35)} 25. g3 {(01:27)} h5 {(00:28)} 26. Kg2 {
(01:03)} Bxg3 {(00:48)} 27. Nd4 {(00:46)} Be5 {(00:
00)} 28. f3 {(00:14)} Rg6+ {(00:12)} 29. Kf1 {(00:32)}
Ng3+ {(00:25)} 30. Kf2 {(00:13)} Rxd4 {(00:08)} 31. exd4 {
(00:15)} Bxd4+ {(00:05)} 32. Ne3 {(00:04)} f4 {(00:
10)} 0-1

[Event "42nd Olympiad Baku 2016 Women"]
[Site "Baku"]
[Date "2016.09.03"]
[Round "2.10"]
[White "Kannappan, Sigappi"]
[Black "Bakalarz, Grazyna"]
[Result "1-0"]
[ECO "C42"]
[WhiteElo "1864"]
[BlackElo "1953"]
[Annotator ""]
[PlyCount "79"]
[EventDate "2016.??.??"]
[EventCountry "AZE"]
[SourceTitle "playchess.com"]
[Source "ChessBase"]
[WhiteTeam "Hong Kong"]
[BlackTeam "Luxembourg"]
[WhiteTeamCountry "HKG"]
[BlackTeamCountry "LUX"]
[TimeControl "40/5400+30:1800+30"]

1. e4 {(00:00)} e5 {(00:00)} 2. Nf3 {(00:00)} Nf6 {
(00:00)} 3. Nxe5 {(00:00)} d6 {(00:07)} 4. Nf3 {(
00:03)} Nxe4 {(00:10)} 5. Nc3 {(00:08)} Nxc3 {(00:26)} 6.
dxc3 {(00:06)} Be7 {(00:46)} 7. Bf4 {(00:08)} O-O {
(00:25)} 8. Qd2 {(00:06)} Qe8 {(01:37)} 9. O-O-O {(
01:48)} Qa4 {(01:16)} 10. Kb1 {(03:43)} Be6 {(03:07)} 11.
b3 {(02:18)} Qa5 {(05:50)} 12. Bg5 {(10:11)} Bxg5 {
(04:08)} 13. Nxg5 {(00:06)} Nc6 {(12:10)} 14. Bd3 {
(08:37)} Bf5 {(06:25)} 15. f4 {(12:40)} Bxd3 {(15:
25)} 16. Qxd3 {(01:06)} g6 {(01:02)} 17. Qh3 {(01:11)} h5
{(03:38)} 18. g4 {(00:19)} f6 {(12:09)} 19. Ne6 {(
12:29)} Rf7 {(01:40)} 20. Qd3 {(08:24)} Kh7 {(03:54)} 21.
b4 {(03:30)} Nxb4 {(07:43)} 22. cxb4 {(00:10)} Qxb4+ {
(00:43)} 23. Ka1 {(02:04)} hxg4 {(01:46)} 24. Rb1 {
(06:19)} Qa4 {(03:24)} 25. Rb5 {(01:15)} c5 {(04:
31)} 26. Rhb1 {(04:03)} b6 {(01:40)} 27. Qd5 {(01:05)} Re7
{(05:13)} 28. Qxa8 {(03:16)} Rxe6 {(00:10)} 29. Qd5 {
(08:33)} Re4 {(00:59)} 30. Qf7+ {(00:26)} Kh6 {(00:
21)} 31. Qxf6 {(05:27)} Rxf4 {(00:32)} 32. Qxd6 {(01:12)}
Rc4 {(01:35)} 33. Qd2+ {(00:35)} Kh7 {(00:25)} 34. R5b2 {
(00:21)} Rd4 {(00:30)} 35. Qf2 {(00:13)} Qd7 {(00:
51)} 36. c3 {(01:19)} Rd3 {(01:11)} 37. Qh4+ {(01:18)} Kg7
{(00:14)} 38. Re2 {(00:10)} Qd5 {(01:15)} 39. Re7+ {
(00:17)} Kf8 {(00:21)} 40. Qf6+ {(00:00)} 1-0

[Event "42nd Olympiad Baku 2016 Women"]
[Site "Baku"]
[Date "2016.09.03"]
[Round "2.8"]
[White "Kazarian, Anna-Maja"]
[Black "Longson, Sarah N"]
[Result "1-0"]
[ECO "C50"]
[WhiteElo "2231"]
[BlackElo "2103"]
[Annotator ""]
[PlyCount "87"]
[EventDate "2016.??.??"]
[EventCountry "AZE"]
[SourceTitle "playchess.com"]
[Source "ChessBase"]
[WhiteTeam "Netherlands"]
[BlackTeam "England"]
[WhiteTeamCountry "NED"]
[BlackTeamCountry "ENG"]
[TimeControl "40/5400+30:1800+30"]

1. e4 {(00:00)} e5 {(00:00)} 2. Nf3 {(00:00)} Nc6 {
(00:00)} 3. Bc4 {(00:00)} Nf6 {(00:08)} 4. d3 {(00:
00)} Bc5 {(00:44)} 5. c3 {(00:27)} d6 {(01:39)} 6. Bb3 {
(00:18)} O-O {(04:40)} 7. O-O {(00:31)} a5 {(03:32]
} 8. Re1 {(02:49)} Ba7 {(02:34)} 9. h3 {(02:00)} Be6 {
(03:37)} 10. Nbd2 {(07:57)} Ne7 {(05:27)} 11. Bxe6 {
(14:51)} fxe6 {(00:08)} 12. Qb3 {(00:06)} Qd7 {(08:
51)} 13. d4 {(05:16)} a4 {(05:25)} 14. Qc2 {(02:11)} Nh5 {
(18:39)} 15. dxe5 {(02:56)} dxe5 {(02:20)} 16. Nc4 {
(01:12)} Rxf3 {(01:36)} 17. gxf3 {(00:18)} Ng6 {(
00:59)} 18. Be3 {(01:47)} Qe7 {(07:36)} 19. Bxa7 {(49:55)}
Nhf4 {(07:55)} 20. Red1 {(01:48)} Nh4 {(07:55)} 21. Kf1 {
(01:45)} Nxf3 {(04:32)} 22. Rd3 {(00:49)} Qg5 {(02:
44)} 23. Rxf3 {(00:42)} Qg2+ {(00:05)} 24. Ke1 {(00:02)}
Qxf3 {(00:19)} 25. Rd1 {(01:11)} Ng2+ {(01:24)} 26. Kd2 {
(01:07)} Rxa7 {(00:56)} 27. Kc1 {(00:26)} Ra8 {(00:
18)} 28. Kb1 {(00:46)} Rf8 {(01:48)} 29. Nxe5 {(00:32)}
Qxh3 {(02:47)} 30. Qxa4 {(01:37)} Qh4 {(00:34)} 31. Qc4 {
(00:53)} Nf4 {(03:34)} 32. Qxc7 {(00:29)} Qxf2 {(
00:46)} 33. a3 {(00:39)} Qe2 {(01:26)} 34. Rd8 {(00:30)}
Qxe4+ {(00:14)} 35. Ka2 {(00:13)} Qf5 {(00:36)} 36. Rxf8+
{(01:03)} Qxf8 {(00:17)} 37. Qxb7 {(00:30)} h5 {(
00:46)} 38. a4 {(00:28)} h4 {(01:22)} 39. a5 {(00:11)} h3
{(00:42)} 40. a6 {(00:00)} h2 {(00:00)} 41. a7 {(
02:15)} Nd5 {(03:24)} 42. a8=Q {(00:14)} Qxa8+ {(00:43)}
43. Qxa8+ {(00:05)} Kh7 {(00:03)} 44. Nf7 {(00:07)} 1-0

[Event "42nd Olympiad Baku 2016 Women"]
[Site "Baku"]
[Date "2016.09.03"]
[Round "2.24"]
[White "Kerciku, Suzana"]
[Black "Jambo, Linda"]
[Result "1-0"]
[ECO "C62"]
[WhiteElo "1609"]
[BlackElo "1561"]
[Annotator ""]
[PlyCount "97"]
[EventDate "2016.??.??"]
[EventCountry "AZE"]
[SourceTitle "playchess.com"]
[Source "ChessBase"]
[WhiteTeam "Albania"]
[BlackTeam "MAW"]
[WhiteTeamCountry "ALB"]
[TimeControl "40/5400+30:1800+30"]

1. e4 {(00:00)} e5 {(00:00)} 2. Nf3 {(00:00)} Nc6 {
(00:18)} 3. Bb5 {(00:00)} d6 {(01:04)} 4. c3 {(02:
24)} Bd7 {(04:53)} 5. O-O {(01:27)} Nf6 {(00:19)} 6. Re1 {
(01:27)} Be7 {(00:26)} 7. d4 {(03:05)} a6 {(15:16)}
8. Ba4 {(04:55)} O-O {(06:33)} 9. Nbd2 {(01:15)} b5 {
(02:32)} 10. Bb3 {(00:51)} Bg4 {(10:27)} 11. h3 {(
06:24)} Bxf3 {(01:16)} 12. Nxf3 {(00:24)} exd4 {(01:54)}
13. cxd4 {(05:19)} Re8 {(08:34)} 14. Ng5 {(23:49)} Rf8 {
(10:40)} 15. Bf4 {(15:15)} h6 {(03:57)} 16. Nf3 {(
01:07)} Na5 {(04:52)} 17. Bc2 {(01:59)} Nc4 {(02:34)} 18.
b3 {(01:24)} Nb6 {(01:23)} 19. Qd2 {(07:48)} Nh7 {(
07:37)} 20. Qd3 {(05:38)} Re8 {(01:36)} 21. e5 {(04:45)}
Nf8 {(00:52)} 22. Rad1 {(09:26)} Nd5 {(02:01)} 23. Bd2 {
(00:13)} Bg5 {(01:17)} 24. Bxg5 {(00:44)} hxg5 {(
00:12)} 25. Qf5 {(00:35)} g6 {(02:04)} 26. Qxg5 {(00:49)}
Qxg5 {(01:31)} 27. Nxg5 {(00:01)} Nc3 {(00:40)} 28. Rd2 {
(01:23)} Nxa2 {(01:17)} 29. Be4 {(00:18)} Rad8 {(
02:03)} 30. Rxa2 {(00:49)} dxe5 {(00:05)} 31. Bc6 {(00:04]
} Nd7 {(02:38)} 32. dxe5 {(01:07)} Rxe5 {(00:11)} 33. Rxe5
{(00:09)} Nxe5 {(00:28)} 34. Rxa6 {(00:59)} b4 {(
02:19)} 35. Nf3 {(00:52)} Nd3 {(00:36)} 36. Ra8 {(00:28)}
Rxa8 {(01:52)} 37. Bxa8 {(00:01)} Kf8 {(00:43)} 38. Kf1 {
(00:35)} Ke7 {(00:21)} 39. g3 {(01:05)} Kd6 {(00:
46)} 40. Be4 {(00:00)} Nc1 {(00:00)} 41. Bc2 {(01:03)} c5
{(07:07)} 42. Ke1 {(04:30)} Kd5 {(03:58)} 43. Ng5 {
(01:32)} f5 {(00:30)} 44. h4 {(03:08)} Kd4 {(00:31]
} 45. Kd2 {(00:51)} Na2 {(00:48)} 46. Ne6+ {(00:10)} Kd5 {
(01:01)} 47. Nf4+ {(00:04)} Kd4 {(01:13)} 48. Nxg6 {
(00:11)} Nc3 {(00:14)} 49. h5 {(01:05)} 1-0

[Event "42nd Olympiad Baku 2016 Women"]
[Site "Baku"]
[Date "2016.09.03"]
[Round "2.11"]
[White "Khamboo, Monalisa"]
[Black "Jorge, Rita Maria Osorio"]
[Result "0-1"]
[ECO "D20"]
[WhiteElo "1740"]
[BlackElo "1791"]
[Annotator ""]
[PlyCount "98"]
[EventDate "2016.??.??"]
[EventCountry "AZE"]
[SourceTitle "playchess.com"]
[Source "ChessBase"]
[WhiteTeam "Nepal"]
[BlackTeam "Portugal"]
[WhiteTeamCountry "NEP"]
[BlackTeamCountry "POR"]
[TimeControl "40/5400+30:1800+30"]

1. d4 {(00:00)} d5 {(00:00)} 2. c4 {(00:00)} dxc4 {
(00:08)} 3. e3 {(00:48)} e6 {(01:18)} 4. Bxc4 {(00:
19)} a6 {(00:42)} 5. Nf3 {(01:05)} Nf6 {(00:18)} 6. O-O {
(00:21)} c5 {(02:29)} 7. dxc5 {(02:56)} Bxc5 {(02:
01)} 8. Qxd8+ {(00:39)} Kxd8 {(00:13)} 9. Rd1+ {(02:34)}
Ke7 {(00:51)} 10. Nc3 {(09:42)} b5 {(02:42)} 11. Be2 {
(08:17)} Bb7 {(02:40)} 12. a3 {(01:11)} Nbd7 {(33:
25)} 13. b4 {(08:45)} Bd6 {(04:11)} 14. Bb2 {(01:21)} Rhd8
{(12:19)} 15. Rac1 {(06:31)} Nb6 {(03:13)} 16. Nb1 {
(03:46)} Bd5 {(15:22)} 17. Nbd2 {(02:17)} g6 {(09:
08)} 18. Bd4 {(05:43)} Nbd7 {(00:43)} 19. Bb2 {(08:56)}
Rac8 {(01:28)} 20. Rxc8 {(02:37)} Rxc8 {(00:18)} 21. Rc1 {
(00:33)} Rxc1+ {(03:07)} 22. Bxc1 {(00:03)} Bb7 {(
02:18)} 23. Bb2 {(00:38)} Nd5 {(00:29)} 24. Ng5 {(06:53)}
h6 {(01:38)} 25. Nge4 {(01:01)} Be5 {(00:26)} 26. Bxe5 {
(00:30)} Nxe5 {(00:01)} 27. Nc5 {(00:40)} Bc8 {(00:
26)} 28. Bd1 {(10:14)} Nc3 {(00:47)} 29. Bc2 {(00:41)} Kd6
{(00:51)} 30. Kf1 {(03:38)} Kc6 {(00:49)} 31. h3 {(
02:10)} a5 {(00:20)} 32. f4 {(03:22)} axb4 {(00:15)} 33.
axb4 {(00:16)} Nc4 {(00:23)} 34. Nxc4 {(01:50)} bxc4 {
(00:01)} 35. Ke1 {(06:03)} Nd5 {(00:42)} 36. Be4 {(
00:36)} Kb5 {(00:21)} 37. Bf3 {(01:01)} f5 {(01:27)} 38.
e4 {(00:32)} Nxf4 {(00:24)} 39. exf5 {(00:21)} gxf5 {
(00:30)} 40. Nb7 {(00:00)} Kxb4 {(00:00)} 41. Nd6 {
(00:57)} Bd7 {(07:52)} 42. Nf7 {(07:05)} Ba4 {(07:
04)} 43. Nxh6 {(05:43)} c3 {(01:11)} 44. Bd1 {(05:24)}
Nxg2+ {(03:12)} 45. Ke2 {(00:27)} Nf4+ {(00:08)} 46. Ke1 {
(00:23)} Bxd1 {(03:35)} 47. Kxd1 {(00:08)} Kb3 {(
00:20)} 48. h4 {(01:41)} c2+ {(00:12)} 49. Kc1 {(00:14)}
Kc3 0-1

[Event "42nd Olympiad Baku 2016 Women"]
[Site "Baku"]
[Date "2016.09.03"]
[Round "2.23"]
[White "Khan, Nazrana"]
[Black "Nguyen, Thi Mai Hung"]
[Result "0-1"]
[ECO "D45"]
[WhiteElo "1965"]
[BlackElo "2316"]
[Annotator ""]
[PlyCount "78"]
[EventDate "2016.??.??"]
[EventCountry "AZE"]
[SourceTitle "playchess.com"]
[Source "ChessBase"]
[WhiteTeam "Bangladesh"]
[BlackTeam "Vietnam"]
[WhiteTeamCountry "BAN"]
[BlackTeamCountry "VIE"]
[TimeControl "40/5400+30:1800+30"]

1. d4 {(00:00)} d5 {(00:00)} 2. c4 {(00:00)} c6 {(
00:47)} 3. Nc3 {(00:19)} Nf6 {(00:20)} 4. Nf3 {(00:20)} e6
{(00:27)} 5. e3 {(01:00)} Nbd7 {(00:31)} 6. Qc2 {(
00:42)} Bd6 {(00:27)} 7. Bd3 {(01:51)} O-O {(01:28)} 8.
O-O {(00:57)} h6 {(06:36)} 9. Rd1 {(08:41)} Qe7 {(
00:52)} 10. e4 {(01:35)} dxc4 {(05:48)} 11. Bxc4 {(01:30)}
e5 {(01:00)} 12. d5 {(03:26)} Nb6 {(01:15)} 13. Be2 {
(07:07)} cxd5 {(02:21)} 14. exd5 {(06:15)} e4 {(08:
50)} 15. Ne1 {(04:20)} Rd8 {(09:43)} 16. g3 {(05:16)} Bc5
{(03:06)} 17. d6 {(10:47)} Rxd6 {(05:43)} 18. Rxd6 {
(13:04)} Bxd6 {(02:01)} 19. Be3 {(01:53)} Nbd5 {(
03:30)} 20. Ng2 {(05:05)} Bh3 {(08:40)} 21. Rd1 {(05:41)}
Nxe3 {(05:09)} 22. Nxe3 {(00:13)} Rc8 {(03:50)} 23. Qd2 {
(03:03)} Bc5 {(00:56)} 24. a3 {(02:11)} a6 {(02:00]
} 25. Ned5 {(03:03)} Nxd5 {(00:45)} 26. Qxd5 {(00:25)} e3
{(03:52)} 27. f3 {(00:37)} Be6 {(00:42)} 28. Qe4 {(
01:50)} Bxa3 {(07:21)} 29. bxa3 {(03:20)} Rxc3 {(00:10)}
30. Bd3 {(01:25)} g6 {(01:55)} 31. Qxe3 {(01:45)} Qxa3 {
(00:44)} 32. Qd2 {(01:16)} Kg7 {(04:16)} 33. Be4 {(
00:22)} Qc5+ {(01:10)} 34. Kg2 {(00:26)} b5 {(00:56)} 35.
Qf4 {(02:44)} b4 {(01:46)} 36. Qb8 {(02:08)} Rc2+ {
(03:13)} 37. Kh1 {(00:49)} Ra2 {(01:08)} 38. Bb1 {(
01:20)} Rb2 {(00:31)} 39. g4 {(01:53)} Bxg4 {(01:31)} 0-1

[Event "42nd Olympiad Baku 2016 Women"]
[Site "Baku"]
[Date "2016.09.03"]
[Round "2.1"]
[White "Krush, Irina"]
[Black "Sahl, Sheila Barth"]
[Result "1/2-1/2"]
[ECO "A96"]
[WhiteElo "2444"]
[BlackElo "2181"]
[Annotator ""]
[PlyCount "71"]
[EventDate "2016.??.??"]
[EventCountry "AZE"]
[SourceTitle "playchess.com"]
[Source "ChessBase"]
[WhiteTeam "United States"]
[BlackTeam "Norway"]
[WhiteTeamCountry "USA"]
[BlackTeamCountry "NOR"]
[TimeControl "40/5400+30:1800+30"]

1. Nf3 {(00:00)} f5 {(00:00)} 2. d4 {(02:00)} Nf6 {
(00:00)} 3. g3 {(00:45)} e6 {(00:30)} 4. Bg2 {(00:
10)} Be7 {(00:34)} 5. O-O {(00:30)} O-O {(00:28)} 6. c4 {
(00:22)} d6 {(00:57)} 7. Nc3 {(00:22)} Ne4 {(01:00]
} 8. Nxe4 {(06:58)} fxe4 {(00:06)} 9. Ne1 {(00:08)} d5 {
(00:50)} 10. f3 {(00:45)} dxc4 {(04:21)} 11. Be3 {(
05:31)} Nc6 {(06:40)} 12. fxe4 {(11:54)} Rxf1+ {(00:30)}
13. Kxf1 {(00:08)} Bd7 {(08:08)} 14. Nf3 {(06:12)} Qf8 {
(05:24)} 15. Kg1 {(02:40)} Rd8 {(02:36)} 16. Qc2 {(
12:37)} b5 {(03:53)} 17. b3 {(00:09)} Nb4 {(09:06)} 18.
Qc3 {(00:25)} c5 {(00:59)} 19. bxc4 {(03:49)} cxd4 {
(01:55)} 20. Bxd4 {(03:06)} Bc5 {(08:37)} 21. cxb5 {
(03:36)} Rc8 {(00:32)} 22. Bxc5 {(05:33)} Rxc5 {(
03:01)} 23. Qd2 {(07:32)} Bxb5 {(17:38)} 24. Bh3 {(10:01)}
Rc2 {(05:09)} 25. Bxe6+ {(01:59)} Kh8 {(00:02)} 26. Qg5 {
(01:16)} Bxe2 {(08:27)} 27. Ne5 {(02:53)} Qf6 {(00:
53)} 28. Rb1 {(02:47)} Rb2 {(07:02)} 29. Rc1 {(04:15)} Rc2
{(00:19)} 30. Bb3 {(02:12)} h6 {(02:29)} 31. Qe3 {(
04:16)} Qb6 {(02:40)} 32. Ng6+ {(00:31)} Kh7 {(00:08)} 33.
Nf8+ {(00:23)} Kh8 {(00:05)} 34. Ng6+ {(00:42)} Kh7 {
(00:03)} 35. Nf8+ {(00:24)} Kh8 {(00:04)} 36. Ng6+ {
(00:30)} 1/2-1/2